 Dungeon Crawl Stone Soup version 0.23.1 (webtiles) character file.

Game seed: 16251048852048599093

402 paperworker the Chopper (level 6, -3/57 HPs)
             Began as a Minotaur Berserker on Mar 15, 2019.
             Was a Priest of Trog.
             Killed by divine providence
             ... invoked by an orc priest
              (14 damage)
             ... on level 4 of the Dungeon.
             The game lasted 00:02:47 (2578 turns).

paperworker the Chopper (Minotaur Berserker)        Turns: 2578, Time: 00:02:47

Health: -3/57      AC:  8    Str: 24    XL:     6   Next: 55%
Magic:  5/5        EV:  8    Int:  4    God:    Trog [***...]
Gold:   273        SH:  0    Dex:  9    Spells: 5/5 levels left

rFire    . . .     SeeInvis .   a - +0 hand axe
rCold    . . .     Gourm    .   (no shield)
rNeg     . . .     Faith    .   t - +0 chain mail
rPois    .         Spirit   .   (helmet restricted)
rElec    .         Reflect  .   (no cloak)
rCorr    .         Harm     +   (no gloves)
MR       ++...                  (no boots)
Stlth    ..........             e - amulet of harm
HPRegen  1.19/turn              (no ring)
MPRegen  0.09/turn              (no ring)

@: lethally poisoned (-3 -> -22), regenerating
A: retaliatory headbutt, horns 2
a: Berserk, Trog's Hand, Renounce Religion


You were on level 4 of the Dungeon.
You worshipped Trog.
Trog was most pleased with you.
You were not hungry.

You visited 1 branch of the dungeon, and saw 4 of its levels.

You collected 273 gold pieces.

Inventory:

Hand Weapons
 a - a +0 hand axe (weapon)
Missiles
 m - 7 curare-tipped needles
Armour
 b - a +0 animal skin
 p - a +0 ring mail
 t - a +0 chain mail (worn)
 w - the +1 robe of Uskayaw's Pride {*Corrode Regen+ Str+7, unknown}
   (You found it on level 4 of the Dungeon)

   It affects your strength (+7).
   It increases your rate of regeneration.
   It may corrode you when you take damage.
Jewellery
 e - an amulet of harm (around neck)
 x - a cursed ring of teleportation {unknown}
Scrolls
 i - 3 scrolls of enchant weapon {unknown}
 j - 5 scrolls of identify {unknown}
 o - 2 scrolls of noise {unknown}
 q - 7 scrolls of remove curse {unknown}
 r - a scroll of blinking {unknown}
 s - a scroll of enchant armour {unknown}
Potions
 f - 3 potions of berserk rage {unknown}
 g - 3 potions of flight {unknown}
 h - a potion of heal wounds {unknown}
 k - a potion of might {unknown}
 l - a potion of lignification {unknown}
 n - 2 potions of curing {unknown}
 u - a potion of degeneration {unknown}
 v - a potion of invisibility {unknown}
Comestibles
 c - 5 rations
 d - 3 chunks of flesh


   Skills:
 + Level 5.9 Fighting
 * Level 7.6 Axes
 - Level 2.4 Armour
 - Level 2.1 Dodging


You had 5 spell levels left.
You didn't know any spells.
Your spell library was empty.

Dungeon Overview and Level Annotations

Branches:
Dungeon (4/15)
 Temple: D:4-7

Altars:
Zin


Innate Abilities, Weirdness & Mutations

You reflexively headbutt those who attack you in melee.
You have a pair of horns on your head.


Message History

You are more poisoned.
The orc priest hits you with a +0 dagger.
You barely miss the orc priest. You closely miss something.
You feel sick. Something hits you but does no damage.
You are more poisoned.
You barely miss the orc priest. Your headbutt misses the orc priest.
You hit something but do no damage.
* * * LOW HITPOINT WARNING * * *
You feel very sick. The orc priest barely misses you. Something hits you.
* * * LOW HITPOINT WARNING * * *
You are more poisoned.
Your skin crawls.
You feel resistant to hostile enchantments.
You feel somewhat more hungry.
* * * LOW HITPOINT WARNING * * *
You feel very sick.
The orc priest calls down the wrath of Beogh upon you.
Beogh smites you!
You die...

#####'##...#...{..#.............#
...........'...)@.#.............#
...........#...o..#.............#
...........#...[..#.......#######
#####......#......#.......#
....########......#########
....[..........).......
...........<...........
...............).......
.......................
..............[.)^.....
..................#####
..................#
.#'#########......#
.#....#....#......#
.#....#....#......#
.#....#....#......#########


You could see an orc priest.

Vanquished Creatures
  An ogre (D:4)
  A howler monkey (D:4)
  2 orc wizards (D:4)
  An orc priest (D:4)
  Terence (D:2)
  A worker ant (D:4)
  4 adders
  An ooze (D:2)
  6 worms
  2 dart slugs
  A leopard gecko (D:4)
  6 orcs
  5 giant cockroaches
  12 goblins
  5 hobgoblins
  3 jackals (D:2)
  2 quokkas (D:3)
  2 ball pythons
  12 bats
  2 frilled lizards
  8 kobolds
  6 rats
84 creatures vanquished.

Notes
Turn   | Place    | Note
-------+----------+-------------------------------------------
     0 | D:1      | paperworker the Minotaur Berserker began the quest for the
                  | Orb.
     0 | D:1      | Reached XP level 1. HP: 19/19 MP: 0/0
    46 | D:1      | Reached skill level 4 in Axes
    63 | D:1      | Reached XP level 2. HP: 25/27 MP: 1/1
   574 | D:1      | Reached XP level 3. HP: 32/33 MP: 2/2
   800 | D:2      | Reached ** piety under Trog
   933 | D:2      | Found a glowing silver altar of Zin.
   995 | D:2      | Noticed Terence
  1001 | D:2      | Reached skill level 5 in Axes
  1002 | D:2      | Killed Terence
  1002 | D:2      | Reached XP level 4. HP: 38/41 MP: 3/3
  1840 | D:3      | Reached skill level 6 in Axes
  1850 | D:3      | Reached XP level 5. HP: 36/47 MP: 4/4
  1860 | D:3      | Reached *** piety under Trog
  2158 | D:4      | Reached skill level 5 in Fighting
  2190 | D:4      | Noticed an ogre
  2218 | D:4      | Killed an ogre
  2218 | D:4      | Reached skill level 7 in Axes
  2218 | D:4      | Reached XP level 6. HP: 56/56 MP: 5/5
  2510 | D:4      | Got a tattered robe
  2578 | D:4      | Killed from afar by an orc priest

Skill      XL: |  1  2  3  4  5 |
---------------+----------------+-----
Axes           | 4 5 6 7 |  7.6
Fighting       | 4 5 |  5.9
Armour         | |  2.4
Dodging        | |  2.1

Action                   |  1- 3 |  4- 6 || total
-------------------------+-------+-------++-------
Melee: Hand axe          |    64 |   131 ||   195
       Headbutt          |    13 |    20 ||    33
Invok: Berserk           |       |     2 ||     2
       Trog's Hand       |       |     1 ||     1
  Eat: Chunk             |       |     7 ||     7
Armor: Animal skin       |    14 |       ||    14
       Ring mail         |     3 |    22 ||    25
       Chain mail        |       |    57 ||    57
Dodge: Dodged            |    32 |    57 ||    89
